 Dungeon Crawl Stone Soup version 0.21.1-1-g345015f (webtiles) character file.

53 Mirai the Magician (level 3, -5/19 HPs)
             Began as a Deep Elf Conjurer on Mar 24, 2018.
             Killed by nerve-wracking pain
             ... invoked by an orc priest
              (14 damage)
             ... on level 3 of the Dungeon.
             The game lasted 00:10:29 (1403 turns).

Mirai the Magician (Deep Elf Conjurer)              Turns: 1403, Time: 00:10:30

Health: -5/19      AC:  8    Str:  5    XL:     3   Next: 62%
Magic:  5/11       EV: 13    Int: 20    God:
Gold:   136        SH:  0    Dex: 15    Spells: 9/12 levels left

rFire    . . .     SeeInvis .   k - +1 rapier (distort)
rCold    . . .     Gourm    .   (no shield)
rNeg     . . .     Faith    .   a - +0 robe
rPois    .         Spirit   .   (no helmet)
rElec    .         Reflect  .   (no cloak)
rCorr    .         Harm     .   (no gloves)
MR       .....                  (no boots)
Stlth    ++........             (no amulet)
HPRegen  0.06/turn              q - +6 ring of protection
MPRegen  0.12/turn              (no ring)

@: no status effects
A: no striking features
a: no special abilities


You were on level 3 of the Dungeon.
You were not hungry.

You visited 1 branch of the dungeon, and saw 3 of its levels.

You collected 136 gold pieces.

Inventory:

Hand Weapons
 j - a +3 dagger
 k - a +1 rapier of distortion (weapon)
Missiles
 r - 4 tomahawks (quivered)
Armour
 a - a +0 robe (worn)
 v - a +0 buckler
Jewellery
 q - a +6 ring of protection (left hand)
Scrolls
 d - a scroll of enchant armour {unknown}
 e - a scroll of enchant weapon {unknown}
 g - a scroll of teleportation {unknown}
 h - 3 scrolls of identify {unknown}
 t - a scroll of fear {unknown}
 u - a scroll of magic mapping {unknown}
Potions
 i - a potion of degeneration {unknown}
 l - a potion of flight {unknown}
 m - a potion of lignification {unknown}
 n - a potion of berserk rage {unknown}
 o - a potion of agility {unknown}
 p - a potion of resistance {unknown}
 s - a potion of magic {unknown}
Books
 b - a book of Conjurations

   Spells                             Type                      Level
   a - Magic Dart                     Conjuration                  1
   b - Searing Ray                    Conjuration                  2
   c - Dazzling Spray                 Conjuration/Hexes            3
   d - Fulminant Prism                Conjuration/Hexes            4
   e - Force Lance                    Conjuration/Translocation    4
   f - Iskenderun's Mystic Blast      Conjuration                  4
Comestibles
 c - 7 rations
 f - 2 chunks of flesh


   Skills:
 - Level 2.4 Dodging
 - Level 2.4 Stealth
 + Level 5.3 Spellcasting
 - Level 4.5 Conjurations


You had 9 spell levels left.
You knew the following spells:

 Your Spells              Type           Power        Failure   Level  Hunger
a - Magic Dart            Conj           ###.         1%          1    None
b - Searing Ray           Conj           ###...       2%          2    None


Dungeon Overview and Level Annotations

Branches:
Dungeon (3/15)

Altars:


Message History

Press: ? - help, Shift-Dir - straight line, f - orc priest
Aim: an orc priest, wielding a hand axe The magic dart hits the orc priest.
The orc priest is heavily wounded.
The orc shouts! x2
The orc priest calls down the wrath of Beogh upon you.
Pain shoots through your body!
Ouch! That really hurt!
Unknown command.
Casting: Magic Dart
Confirm with . or Enter, or press ? or * to list all spells.
Aiming: Magic Dart
Press: ? - help, Shift-Dir - straight line, f/p - orc priest
Aim: an orc priest, wielding a hand axe (heavily wounded)
The magic dart hits the orc priest.
The orc priest is severely wounded.
The orc priest invokes the aid of Beogh against you.
Pain shoots through your body!
Ouch! That really hurt!
You die...

#####
......
###..)...
#@.)†.oo.
#.###..o.
#.# .# #
#.###.#
#.....#
##.#.###
#....#
#..#.#
#..#.#


You could see an orc priest and 2 orcs.

Vanquished Creatures
  An ooze (D:1)
  4 leopard geckos
  An orc (D:3)
  A giant cockroach (D:1)
  5 goblins
  13 hobgoblins
  A quokka (D:2)
  A ball python (D:3)
  4 bats
  2 frilled lizards (D:2)
  3 kobolds
  4 rats
40 creatures vanquished.

Notes
Turn   | Place    | Note
-------+----------+-------------------------------------------
     0 | D:1      | Mirai the Deep Elf Conjurer began the quest for the Orb.
     0 | D:1      | Reached XP level 1. HP: 10/10 MP: 6/6
   210 | D:1      | Reached XP level 2. HP: 13/15 MP: 2/8
   313 | D:1      | Reached skill level 4 in Spellcasting
   914 | D:2      | Reached XP level 3. HP: 19/19 MP: 8/11
  1049 | D:2      | Reached skill level 5 in Spellcasting
  1053 | D:2      | Learned a level 2 spell: Searing Ray
  1403 | D:3      | Killed from afar by an orc priest

Skill      XL: |  1  2  3 |
---------------+----------+-----
Spellcasting   | 4 5 |  5.3
Dodging        | |  2.4
Stealth        | |  2.4
Conjurations   | |  4.5

Action                   || total
-------------------------++-------
Melee: Unarmed           ||     1
       Dagger            ||     4
       Rapier            ||     3
 Cast: Magic Dart        ||    76
  Eat: Chunk             ||     1
Armor: Robe              ||     5
Dodge: Dodged            ||    17
